 Dungeon Sprint DCSS version 0.31-a0-818-ge7c7cf74f0 (webtiles) character file.

Game seed: 11466376672367408620

1089 sircluck the Grappler (level 8, 0/92 HPs)
             Began as a Troll Berserker on Sept 23, 2023.
             Was a Believer of Trog.
             Slain by a blink frog (15 damage)
             ... in the Dungeon (Sprint VII: "The Pits").
             The game lasted 00:00:56 (161 turns).

sircluck the Grappler (Troll Berserker)              Turns: 161, Time: 00:00:57

Health: 0/92       AC:  4    Str: 28    XL:     8   Next: 9%
Magic:  7/7        EV: 12    Int:  3    God:    Trog [**....]
Gold:   0          SH:  0    Dex:  9    Spells: 7/7 levels left

rFire   . .          .
                       - Unarmed
rCold   . . .        (no shield)
rNeg    . . .        a - +0 animal skin
rPois   .            (helmet restricted)
rElec   .            (no cloak)
rCorr   .            (gloves unavailable)
SInv    .            (boots unavailable)
Will    .....        (no amulet)
Stlth   +            (no ring)
HPRegen 1.15/turn    (no ring)
MPRegen 0.10/turn

%: no teleportation
@: on berserk cooldown, slowed, very slow
A: large, unfitting armour, claws 3, regeneration 1, shaggy fur 1, tough skin 1
a: Renounce Religion, Berserk, Trog's Hand


You were in the Dungeon.
You worshipped Trog.
Trog was pleased with you.
You visited 1 branch

Inventory:

Armour
 a - a +0 animal skin (worn)
Scrolls
 g - a scroll of blinking
Potions
 b - a potion of curing
 c - a potion of heal wounds
 d - a potion of haste
 e - 2 potions of magic
 f - a potion of berserk rage


   Skills:
 + Level 9.2 Fighting
 + Level 9.0 Dodging
 + Level 10.7 Unarmed Combat


You had 7 spell levels left.
You didn't know any spells.
Your spell library was empty.

Dungeon Overview and Level Annotations

Branches:
Dungeon (1/1)

Altars:


Innate Abilities, Weirdness & Mutations

You are too large for most types of armour.
You have claws for hands.
Your natural rate of healing is unusually fast.
You are covered in fur. (AC +1)
You have tough skin. (AC +1)


Message History

You feel yourself slow down.
You start resting.
A blink frog comes into view.
The blink frog croaks.
The blink frog blinks!
A blink frog is nearby!
A blink frog is nearby!
A blink frog comes into view.
You miss the blink frog.
The blink frog gives a loud, deep croak!
Your claw misses the blink frog. The blink frog hits you!
The blink frog hits you but does no damage.
You mangle the blink frog!!
The blink frog is heavily wounded.
The blink frog blinks!
The blink frog blinks!
You closely miss the blink frog.
The blink frog is heavily wounded.
The blink frog hits you!
The blink frog blinks!
The blink frog blinks!
The blink frog blinks!
The blink frog blinks! x2
You miss the blink frog.
The blink frog blinks! x3
You claw the blink frog!
The blink frog is almost dead.
The blink frog hits you!
The blink frog blinks!
The blink frog blinks!
The blink frog hits you!
The blink frog blinks!
The blink frog blinks!
The blink frog closely misses you.
The blink frog blinks!
You barely miss the blink frog.
The blink frog is almost dead.
The blink frog hits you!
The blink frog blinks!
The blink frog blinks! x2
You mangle the blink frog!!
You kill the blink frog!
Trog accepts your kill. The blink frog hits you!!
* * * LOW HITPOINT WARNING * * *
The blink frog hits you!
You die...

##########++###### #
#................# .#
#......#..#......##..#
#...........§....''..#
+................''..#
#.....F#†.#.§....##.....
#......@.........# ...
####'#####†'###### #
#.......##''#
#.......##....#
#.......##...##
#...<...##..##
#.......##..#
#.......##..+
#.......##.##


You could see a blink frog.

Vanquished Creatures
  A great orb of eyes (D)
  2 blink frogs (D)
  A ynoxinul (D)
  A water moccasin (D)
5 creatures vanquished.

Notes
Turn   | Place    | Note
-------+----------+-------------------------------------------
     0 | D        | sircluck the Troll Berserker began the quest for the Orb.
     0 | D        | Reached XP level 1. HP: 22/22 MP: 0/0
    11 | D        | Noticed a water moccasin
    11 | D        | Noticed a ynoxinul
    21 | D        | Killed a water moccasin
    22 | D        | Reached skill level 5 in Fighting
    22 | D        | Reached skill level 5 in Dodging
    22 | D        | Reached skill level 6 in Unarmed Combat
    22 | D        | Reached XP level 2. HP: 35/35 MP: 1/1
    22 | D        | Reached XP level 3. HP: 42/42 MP: 2/2
    22 | D        | Reached XP level 4. HP: 50/50 MP: 3/3
    24 | D        | Killed a ynoxinul
    25 | D        | Reached skill level 7 in Unarmed Combat
    25 | D        | Reached XP level 5. HP: 61/61 MP: 4/4
    66 | D        | Noticed a great orb of eyes
    75 | D        | Paralysed by a great orb of eyes for 2 turns
    83 | D        | Killed a great orb of eyes
    83 | D        | Reached ** piety under Trog
    84 | D        | Reached skill level 10 in Unarmed Combat
    84 | D        | Reached XP level 6. HP: 48/74 MP: 5/5
    84 | D        | Reached XP level 7. HP: 52/81 MP: 6/6
   116 | D        | Noticed a blink frog
   130 | D        | Killed a blink frog
   131 | D        | Reached XP level 8. HP: 57/92 MP: 7/7
   142 | D        | Noticed a blink frog
   145 | D        | Noticed a blink frog
   161 | D        | Killed a blink frog
   161 | D        | Slain by a blink frog

Illustrated notes

Levels and vault maps discovered:
D:        pitsprint [storerooms_1, entrance_room_1, metal_vault_7, armoury_2,
          mini_pit_1, grid_room_1, main_hall_1, silver_pit, the_coven_2,
          the_vestibule_1, steel_vault_2, golden_pit, hallway_of_sentries,
          crystal_vault_1, iron_vault_4, final_vault]

Skill      XL: |  1  2  3  4  5  6  7 |
---------------+----------------------+-----
Fighting       | 5 6 8 9 |  9.2
Dodging        | 5 6 8 9 |  9.0
Unarmed Combat | 6 7 10 | 10.7

Action                     |  1- 3 |  4- 6 |  7- 9 || total
---------------------------+-------+-------+-------++-------
  Melee: Unarmed           |     3 |    13 |    13 ||    29
 Invoke: Berserk           |     1 |       |     1 ||     2
 Armour: Animal skin       |     1 |     7 |    14 ||    22
  Dodge: Dodged            |     2 |     3 |     4 ||     9

Table legend: (Time is in decaauts)
 A = Elapsed time spent in this place.
 B = Non-inter-level travel time spent in this place.
 C = Inter-level travel time spent in this place.
 D = Time resting spent in this place.
 E = Time spent auto-exploring this place.
 F = Levels seen in this place.
 G = Mean time per level.
                   A        B        C        D        E       F      G
               +--------+--------+--------+--------+--------+-----+--------+
         Total |    175 |    175 |      0 |     93 |     11 |   1 |  175.0 |
       Dungeon |    175 |    175 |      0 |     93 |     11 |   1 |  175.0 |
               +--------+--------+--------+--------+--------+-----+--------+

Top non-repeatable levels by time:
       D: 175 daAuts
